| TOP OF THE 1ST |
|
Tampa Yankees batting - Pitching for Frederick Keys : RHP Rick Bob Van Arsdale-Undercarriage
|
|
Pitching: RHP Rick Bob Van Arsdale-Undercarriage
|
|
|
Batting: RHB Jonathan Iniguez
|
0-0: Called Strike 0-1: Ball 1-1: SINGLE (Groundball, 6S, EV 66.2 MPH) (infield hit)
|
|
Batting: LHB Steve LeGrand
|
0-0: Ball 1-0: Grounds out, U3 (Groundball, 3L, EV 90.0 MPH)
|
|
Batting: SHB Corey Penson
|
0-0: Called Strike 0-1: Ball 1-1: Ball 2-1: Fly out, F8 (Line Drive, 8RM, EV 91.2 MPH)
|
|
Batting: LHB Justin O'Neal
|
0-0: Ball 1-0: Ball 2-0: Ground out 1-3 (Groundball, 25, EV 66.9 MPH)
|
| Top of the 1st over - 0 runs, 1 hit, 0 errors, 1 left on base; Tampa 0 - Frederick 0 |
| BOTTOM OF THE 1ST |
|
Frederick Keys batting - Pitching for Tampa Yankees : LHP Colin Scott
|
|
Pitching: LHP Colin Scott
|
|
|
Batting: RHB Wes Reynolds
|
0-0: Called Strike 0-1: Swinging Strike 0-2: Ground out 6-3 (Groundball, 6M, EV 104.4 MPH)
|
|
Batting: RHB Josh Hopp
|
0-0: Ground out 6-3 (Groundball, 6, EV 84.4 MPH)
|
|
Batting: SHB Carlos Carrillo
|
0-0: Called Strike 0-1: Ball 1-1: Swinging Strike 1-2: Ground out 5-3 (Groundball, 5, EV 105.0 MPH)
|
| Bottom of the 1st over - 0 runs, 0 hits, 0 errors, 0 left on base; Tampa 0 - Frederick 0 |
| TOP OF THE 2ND |
|
Tampa Yankees batting - Pitching for Frederick Keys : RHP Rick Bob Van Arsdale-Undercarriage
|
|
Batting: RHB Iften Olujimi
|
0-0: Swinging Strike 0-1: Swinging Strike 0-2: Strikes out looking
|
|
Batting: RHB Bill Nguyen-Tan
|
0-0: Ball 1-0: Swinging Strike 1-1: Swinging Strike 1-2: Ball 2-2: Ball 3-2: Base on Balls
|
|
Batting: LHB Marc Durgin
|
0-0: Ball 1-0: Called Strike 1-1: Called Strike 1-2: Fielders Choice at 2nd, 6-4 (Groundball, 6, EV 87.5 MPH)
|
|
Batting: RHB Nate Singleton
|
0-0: Called Strike 0-1: Called Strike 0-2: Ball 1-2: Foul Ball, location: 2F 1-2: Ball Passed Ball! Marc Durgin to second 2-2: Foul Ball, location: 2F 2-2: Ground out 5-3 (Groundball, 56, EV 105.0 MPH)
|
| Top of the 2nd over - 0 runs, 0 hits, 0 errors, 1 left on base; Tampa 0 - Frederick 0 |
| BOTTOM OF THE 2ND |
|
Frederick Keys batting - Pitching for Tampa Yankees : LHP Colin Scott
|
|
Batting: RHB Ken Manser
|
0-0: Foul Ball, location: 2F 0-1: Foul Ball, location: 2F 0-2: Ball 1-2: Ball 2-2: Ground out 6-3 (Groundball, 6, EV 94.4 MPH)
|
|
Batting: LHB Sam Williams
|
0-0: Ball 1-0: Ball 2-0: Called Strike 2-1: Ball 3-1: Foul Ball, location: 2F 3-2: Fly out, F8 (Flyball, 8RM, EV 90.0 MPH)
|
|
Batting: SHB Chris Wright
|
0-0: Ball 1-0: Foul Ball, location: 2F 1-1: Swinging Strike 1-2: Strikes out swinging
|
| Bottom of the 2nd over - 0 runs, 0 hits, 0 errors, 0 left on base; Tampa 0 - Frederick 0 |
| TOP OF THE 3RD |
|
Tampa Yankees batting - Pitching for Frederick Keys : RHP Rick Bob Van Arsdale-Undercarriage
|
|
Batting: RHB Louwe Starmans
|
0-0: Swinging Strike 0-1: Ball 1-1: Ball 2-1: Called Strike 2-2: Foul Ball, location: 2F 2-2: Fly out, F8 (Flyball, 78M, EV 84.4 MPH)
|
|
Batting: RHB Jonathan Iniguez
|
0-0: Called Strike 0-1: Ball 1-1: Ground out 4-3 (Groundball, 4, EV 81.9 MPH)
|
|
Batting: LHB Steve LeGrand
|
0-0: Ball 1-0: Foul Ball, location: 2F 1-1: Ground out U3 (Groundball, 3L, EV 75.6 MPH)
|
| Top of the 3rd over - 0 runs, 0 hits, 0 errors, 0 left on base; Tampa 0 - Frederick 0 |
| BOTTOM OF THE 3RD |
|
Frederick Keys batting - Pitching for Tampa Yankees : LHP Colin Scott
|
|
Batting: LHB Pat Fontana
|
0-0: Ball 1-0: Ball 2-0: Foul Ball, location: 2F 2-1: Foul Ball, location: 2F 2-2: Ball 3-2: Foul Ball, location: 2F 3-2: Foul Ball, location: 2F 3-2: Strikes out looking
|
|
Batting: LHB Vinny Rivera
|
0-0: Fly out, F7 (Line Drive, 7, EV 91.2 MPH)
|
|
Batting: LHB Chris Cohen
|
0-0: SINGLE (Groundball, 34D, EV 94.4 MPH)
|
|
Batting: RHB Wes Reynolds
|
0-0: Fly out, F8 (Line Drive, 8RM, EV 96.9 MPH)
|
| Bottom of the 3rd over - 0 runs, 1 hit, 0 errors, 1 left on base; Tampa 0 - Frederick 0 |
| TOP OF THE 4TH |
|
Tampa Yankees batting - Pitching for Frederick Keys : RHP Rick Bob Van Arsdale-Undercarriage
|
|
Batting: SHB Corey Penson
|
0-0: Called Strike 0-1: Ball 1-1: Swinging Strike 1-2: Ball 2-2: DOUBLE (Line Drive, 9LM, EV 90.6 MPH)
|
|
Batting: LHB Justin O'Neal
|
0-0: Ball 1-0: Foul Ball, location: 2F 1-1: Ball 2-1: Foul Ball, location: 2F 2-2: Ball 3-2: Base on Balls
|
|
Batting: RHB Iften Olujimi
|
0-0: Ball 1-0: Ball 2-0: 3-RUN HOME RUN (Flyball, 7D, EV 95.0 MPH), Distance : 360 ft
|
|
Batting: RHB Bill Nguyen-Tan
|
0-0: DOUBLE (Groundball, 5L, EV 94.4 MPH)
|
|
Batting: LHB Marc Durgin
|
0-0: Ball 1-0: Ball 2-0: Ground out 6-3 (Groundball, 6, EV 88.1 MPH)
|
|
Batting: RHB Nate Singleton
|
0-0: Foul Ball, location: 2F 0-1: Ball 1-1: Foul Ball, location: 2F 1-2: Foul Ball, location: 2F 1-2: Ball 2-2: Ball 3-2: Foul Ball, location: 2F 3-2: Fly out, F9 (Flyball, 9LS, EV 91.9 MPH)
|
|
Batting: RHB Louwe Starmans
|
0-0: Ground out 6-3 (Groundball, 6, EV 96.9 MPH)
|
| Top of the 4th over - 3 runs, 3 hits, 0 errors, 1 left on base; Tampa 3 - Frederick 0 |
| BOTTOM OF THE 4TH |
|
Frederick Keys batting - Pitching for Tampa Yankees : LHP Colin Scott
|
|
Batting: RHB Josh Hopp
|
0-0: Ground out 4-3 (Groundball, 34, EV 88.8 MPH)
|
|
Batting: SHB Carlos Carrillo
|
0-0: Ball 1-0: Foul Ball, location: 2F 1-1: Ground out 4-3 (Groundball, 34D, EV 81.9 MPH)
|
|
Batting: RHB Ken Manser
|
0-0: Called Strike 0-1: Foul Ball, location: 2F 0-2: Foul Ball, location: 2F 0-2: Strikes out swinging
|
| Bottom of the 4th over - 0 runs, 0 hits, 0 errors, 0 left on base; Tampa 3 - Frederick 0 |
| TOP OF THE 5TH |
|
Tampa Yankees batting - Pitching for Frederick Keys : RHP Rick Bob Van Arsdale-Undercarriage
|
|
Batting: RHB Jonathan Iniguez
|
0-0: Ground out 4-3 (Groundball, 4M, EV 81.2 MPH)
|
|
Batting: LHB Steve LeGrand
|
0-0: Ball 1-0: Ball 2-0: Ball 3-0: Called Strike 3-1: Base on Balls
|
|
Batting: SHB Corey Penson
|
0-0: Ball 1-0: Ball Wild Pitch! Steve LeGrand to second 2-0: Called Strike 2-1: Ground out 1-3 (Groundball, 34S, EV 62.5 MPH) Steve LeGrand to third
|
|
Batting: LHB Justin O'Neal
|
0-0: Called Strike 0-1: Foul Ball, location: 2F 0-2: Ball 1-2: Foul Ball, location: 2F 1-2: Foul Ball, location: 2F 1-2: Foul Ball, location: 2F 1-2: Strikes out looking
|
| Top of the 5th over - 0 runs, 0 hits, 0 errors, 1 left on base; Tampa 3 - Frederick 0 |
| BOTTOM OF THE 5TH |
|
Frederick Keys batting - Pitching for Tampa Yankees : LHP Colin Scott
|
|
Batting: LHB Sam Williams
|
0-0: Foul Ball, location: 2F 0-1: Ball 1-1: Called Strike 1-2: Foul Ball, location: 2F 1-2: Ball 2-2: Strikes out swinging
|
|
Batting: SHB Chris Wright
|
0-0: Ball 1-0: SINGLE (Groundball, 34D, EV 103.1 MPH)
|
|
Batting: LHB Pat Fontana
|
0-0: Foul Ball, location: 2F 0-1: Ball Chris Wright is caught stealing 2nd base 2-6 1-1: Ball 2-1: Foul Ball, location: 2F 2-2: Foul Ball, location: 2F 2-2: Ball 3-2: Foul Ball, location: 2F 3-2: Fly out, F7 (Flyball, 7S, EV 85.0 MPH)
|
| Bottom of the 5th over - 0 runs, 1 hit, 0 errors, 0 left on base; Tampa 3 - Frederick 0 |
| TOP OF THE 6TH |
|
Tampa Yankees batting - Pitching for Frederick Keys : RHP Rick Bob Van Arsdale-Undercarriage
|
|
Batting: RHB Iften Olujimi
|
0-0: Ball 1-0: Foul Ball, location: 2F 1-1: SINGLE (Groundball, 6M, EV 92.5 MPH) (infield hit)
|
|
Batting: RHB Bill Nguyen-Tan
|
0-0: Ball 1-0: Ball 2-0: Ball 3-0: Called Strike 3-1: Foul Ball, location: 2F 3-2: Fly out, F9 (Flyball, 9, EV 88.1 MPH)
|
|
Batting: LHB Marc Durgin
|
Pickoff Throw to First - Out! 1-3 0-0: Ball 1-0: Foul Ball, location: 2F 1-1: Fly out, F9 (Flyball, 89M, EV 81.2 MPH)
|
| Top of the 6th over - 0 runs, 1 hit, 0 errors, 0 left on base; Tampa 3 - Frederick 0 |
| BOTTOM OF THE 6TH |
|
Frederick Keys batting - Pitching for Tampa Yankees : LHP Colin Scott
|
|
Batting: LHB Vinny Rivera
|
0-0: Ball 1-0: Called Strike 1-1: Fly out, F9 (Flyball, 89M, EV 89.4 MPH)
|
|
Batting: LHB Chris Cohen
|
0-0: TRIPLE (Line Drive, 89XD, EV 101.2 MPH)
|
|
Batting: RHB Wes Reynolds
|
0-0: Ball 1-0: Foul Ball, location: 2F 1-1: Swinging Strike 1-2: Ball 2-2: Strikes out swinging
|
|
Batting: RHB Josh Hopp
|
0-0: Called Strike 0-1: Ball 1-1: SINGLE (Line Drive, 78S, EV 93.1 MPH) Chris Cohen scores
|
|
Batting: SHB Carlos Carrillo
|
0-0: Ball 1-0: Ball Josh Hopp steals 2nd base (no throw) 2-0: Ground out 3-1 (Groundball, 34, EV 81.9 MPH)
|
| Bottom of the 6th over - 1 run, 2 hits, 0 errors, 1 left on base; Tampa 3 - Frederick 1 |
| TOP OF THE 7TH |
|
Tampa Yankees batting - Pitching for Frederick Keys : RHP Rick Bob Van Arsdale-Undercarriage
|
|
Pitching: RHP Jun-seok Pak
|
|
|
Batting: RHB Nate Singleton
|
0-0: Swinging Strike 0-1: Foul Ball, location: 2F 0-2: Ball 1-2: Ball 2-2: Ball 3-2: Fly out, F3 (Popup, 34S, EV 73.8 MPH)
|
|
Batting: RHB Louwe Starmans
|
0-0: Swinging Strike 0-1: Ball 1-1: Foul Ball, location: 2F 1-2: Ball 2-2: Strikes out swinging
|
|
Batting: RHB Jonathan Iniguez
|
0-0: Ball 1-0: Ball 2-0: Called Strike 2-1: Fly out, F8 (Flyball, 8LD, EV 102.5 MPH)
|
| Top of the 7th over - 0 runs, 0 hits, 0 errors, 0 left on base; Tampa 3 - Frederick 1 |
| BOTTOM OF THE 7TH |
|
Frederick Keys batting - Pitching for Tampa Yankees : LHP Colin Scott
|
|
Batting: RHB Ken Manser
|
0-0: Ball 1-0: Foul Ball, location: 2F 1-1: Foul Ball, location: 2F 1-2: Ground out 5-3 (Groundball, 56S, EV 83.1 MPH)
|
|
Batting: LHB Sam Williams
|
0-0: Called Strike 0-1: Swinging Strike 0-2: Ball 1-2: Strikes out swinging
|
|
Batting: SHB Chris Wright
|
0-0: Called Strike 0-1: Ground out 6-3 (Groundball, 6D, EV 80.0 MPH)
|
| Bottom of the 7th over - 0 runs, 0 hits, 0 errors, 0 left on base; Tampa 3 - Frederick 1 |
| TOP OF THE 8TH |
|
Tampa Yankees batting - Pitching for Frederick Keys : RHP Jun-seok Pak
|
|
Batting: LHB Steve LeGrand
|
0-0: Fly out, F8 (Flyball, 8RS, EV 80.6 MPH)
|
|
Batting: SHB Corey Penson
|
0-0: Ground out 4-3 (Groundball, 4, EV 101.9 MPH)
|
|
Batting: LHB Justin O'Neal
|
0-0: Ball 1-0: Ball 2-0: Foul Ball, location: 2F 2-1: Ball 3-1: Called Strike 3-2: SINGLE (Groundball, 6S, EV 71.2 MPH) (infield hit)
|
|
Batting: RHB Iften Olujimi
|
0-0: Called Strike 0-1: Fly out, F5 (Line Drive, 5, EV 61.9 MPH)
|
| Top of the 8th over - 0 runs, 1 hit, 0 errors, 1 left on base; Tampa 3 - Frederick 1 |
| BOTTOM OF THE 8TH |
|
Frederick Keys batting - Pitching for Tampa Yankees : LHP Colin Scott
|
|
Batting: LHB Pat Fontana
|
0-0: Ball 1-0: Ball 2-0: Ball 3-0: Base on Balls
|
|
Batting: LHB Vinny Rivera
|
0-0: Ball 1-0: SINGLE (Line Drive, 8LS, EV 111.2 MPH) Pat Fontana to second
|
|
Pinch Hitting: RHB Minoru Matsumoto
|
0-0: Called Strike 0-1: Called Strike 0-2: Ball 1-2: TRIPLE (Flyball, 78XD, EV 110.0 MPH) Pat Fontana scores Vinny Rivera scores
|
|
Batting: RHB Wes Reynolds
|
0-0: Intentional Walk
|
|
Batting: RHB Josh Hopp
|
0-0: Ball 1-0: Ball 2-0: Foul Ball, location: 2F 2-1: Swinging Strike 2-2: Foul Ball, location: 2F 2-2: Ball 3-2: Fly out, F7 (Flyball, 7S, EV 91.2 MPH)
|
|
Pitching: LHP Cory Musial
|
|
|
Batting: SHB Carlos Carrillo
|
0-0: Ball 1-0: Ball Wes Reynolds steals 2nd base 2-0: Swinging Strike 2-1: Fly out, F7 (Flyball, 7D, EV 99.4 MPH)
|
|
Batting: RHB Ken Manser
|
0-0: Swinging Strike 0-1: Ball 1-1: Ball 2-1: Foul Ball, location: 2F 2-2: Ball 3-2: Base on Balls
|
|
Batting: LHB Sam Williams
|
0-0: Called Strike 0-1: Ball 1-1: GRAND SLAM HOME RUN (Line Drive, 7D, EV 96.9 MPH), Distance : 364 ft
|
|
Batting: SHB Chris Wright
|
0-0: Ball 1-0: DOUBLE (Line Drive, 89XD, EV 105.0 MPH)
|
|
Batting: LHB Pat Fontana
|
0-0: Ball 1-0: Ball 2-0: Ball 3-0: Called Strike 3-1: Foul Ball, location: 2F 3-2: Base on Balls
|
|
Batting: LHB Vinny Rivera
|
0-0: Ball 1-0: Foul Ball, location: 2F 1-1: Ball 2-1: Ball 3-1: Called Strike 3-2: Foul Ball, location: 2F 3-2: Foul Ball, location: 2F 3-2: Strikes out swinging
|
| Bottom of the 8th over - 6 runs, 4 hits, 0 errors, 2 left on base; Tampa 3 - Frederick 7 |
| TOP OF THE 9TH |
|
Tampa Yankees batting - Pitching for Frederick Keys : RHP Jun-seok Pak
|
|
Now at 3B: Minoru Matsumoto
|
|
|
Batting: RHB Bill Nguyen-Tan
|
0-0: Called Strike 0-1: Called Strike 0-2: Ball 1-2: Strikes out swinging
|
|
Batting: LHB Marc Durgin
|
0-0: Ball 1-0: Ball 2-0: Ball 3-0: Called Strike 3-1: Base on Balls
|
|
Batting: RHB Nate Singleton
|
0-0: Ball 1-0: Grounds into double play, 4-6-3 (Groundball, 4, EV 90.0 MPH)
|
| Top of the 9th over - 0 runs, 0 hits, 0 errors, 0 left on base; Tampa 3 - Frederick 7 |
|